 Dungeon Crawl Stone Soup version 0.25-b1-37-g2669288c55 (webtiles) character file.

Game seed: 9030156686111270245

102 Gabide the Skirmisher (level 4, -7/35 HPs)
             Began as a Mummy Fighter on June 4, 2020.
             Mangled by an orc
             ... wielding a +1 dagger of electrocution
              (13 damage)
             ... on level 3 of the Dungeon.
             The game lasted 00:04:02 (1679 turns).

Gabide the Skirmisher (Mummy Fighter)               Turns: 1679, Time: 00:04:04

Health: -7/35      AC: 10    Str: 20      XL:     4   Next: 49%
Magic:  4/4        EV:  7    Int:  6 (7)  God:
Gold:   37         SH:  9    Dex: 11      Spells: 3/3 levels left

rFire    x . .     SeeInvis .   a - +0 trident
rCold    + . .     Gourm    .   c - +0 kite shield
rNeg     + + +     Faith    .   b - +0 scale mail
rPois    ∞         Spirit   .   (no helmet)
rElec    .         Reflect  .   (no cloak)
rCorr    .         Harm     .   (no gloves)
MR       .....                  (no boots)
Stlth    ..........             (no amulet)
HPRegen  0.11/turn              e - +4 ring of protection
MPRegen  0.09/turn              (no ring)

@: slowed, very slow
A: no food or potions, fire vulnerability, cold resistance 1, negative energy
resistance 3, torment resistance, unbreathing
a: no special abilities


You were on level 3 of the Dungeon.
You were not hungry.

You visited 1 branch of the dungeon, and saw 3 of its levels.

You collected 37 gold pieces.

Inventory:

Hand Weapons
 a - a +0 trident (weapon)
Armour
 b - a +0 scale mail (worn)
 c - a +0 kite shield (worn)
 f - a +0 ring mail
Jewellery
 e - a +4 ring of protection (left hand)
Scrolls
 d - 3 scrolls of teleportation
 g - 2 scrolls of magic mapping {unknown}
 h - 4 scrolls of identify {unknown}
 i - a scroll of amnesia {unknown}


   Skills:
 + Level 3.5 Fighting
 * Level 2.7 Polearms
 + Level 2.8 Armour
 + Level 0.6 Dodging
 + Level 0.1 Stealth
 + Level 2.8 Shields


You had 3 spell levels left.
You didn't know any spells.
Your spell library contained the following spells:

 Spells                   Type           Power        Failure   Level  Hunger
 Corona                   Hex            #......      100%        1    N/A
 Ensorcelled Hibernation  Hex/Ice        #.....       100%        2    N/A
 Confusing Touch          Hex            #.......     100%        3    N/A
 Dazzling Flash           Conj/Hex       #.....       100%        3    N/A
 Tukima's Dance           Hex            #.......     100%        3    N/A

Dungeon Overview and Level Annotations

Branches:
Dungeon (3/15)

Altars:
Sif Muna


Innate Abilities, Weirdness & Mutations

You do not eat or drink.
Your flesh is vulnerable to fire.
You are immune to poison.
Your flesh is cold resistant. (rC+)
You are immune to negative energy. (rN+++)
You are immune to unholy pain and torment.
You can survive without breathing.


Message History

* * * LOW HITPOINT WARNING * * *
The orc wizard barely misses you. The orc completely misses you.
Unknown command.
You hit the orc wizard.
The orc wizard is almost dead.
The orc priest hits you with a +0 hand axe.
* * * LOW HITPOINT WARNING * * *
You block the orc's attack. You block the orc wizard's attack.
You block the orc's attack. The orc hits you but does no damage.
The orc priest hits you but does no damage.
The orc wizard gestures wildly while chanting.
The orc wizard seems to speed up.
You closely miss the orc wizard.
The orc wizard is severely wounded.
The orc wizard hits you but does no damage.
You block the orc's attack. The orc barely misses you.
The orc priest hits you but does no damage.
The orc wizard hits you but does no damage.
The orc hits you but does no damage. x2; You are electrocuted!
You die...

.......#### ..
....#..#### . ..
#......... .. #.
####...##. ... #.
#...### .... #. #.....#
....<#. ##..).#
......o######## ##.#.#
?.#o@......######....
......oo................
####.#.########.........
# #. ####...... ..
#...... ### #......
#...... #...... #......


You could see an orc priest, an orc wizard (fast) and 2 orcs.

Vanquished Creatures
  An orc priest (D:3)
  An adder (D:3)
  2 worms (D:2)
  A dart slug (D:1)
  2 leopard geckos (D:1)
  8 bats
  5 giant cockroaches
  6 goblins
  5 hobgoblins (D:2)
  2 jackals (D:1)
  6 frilled lizards
  9 kobolds
  4 rats (D:2)
52 creatures vanquished.

Notes
Turn   | Place    | Note
-------+----------+-------------------------------------------
     0 | D:1      | Gabide the Mummy Fighter began the quest for the Orb.
     0 | D:1      | Reached XP level 1. HP: 18/18 MP: 1/1
   135 | D:1      | Reached XP level 2. HP: 19/24 MP: 2/2
   747 | D:2      | Reached XP level 3. HP: 29/29 MP: 3/3
  1208 | D:2      | Found a faded altar of an unknown god.
  1219 | D:2      | Became a worshipper of Sif Muna the Loreminder
  1219 | D:2      | Reached * piety under Sif Muna
  1220 | D:2      | Fell from the grace of Sif Muna
  1588 | D:3      | Reached XP level 4. HP: 32/35 MP: 4/4
  1679 | D:3      | Mangled by an orc

Illustrated notes

Levels and vault maps discovered:
D:1:      doesnt_arrival_eight_statues, layout_rooms, minmay_crystal_room
D:2:      layout_basic, chequers_ecumenical_altar_simple
D:3:      layout_rooms, yredelemnul_altar_generic, nrook_mini_backslash,
          tgw_fedhas

Skill      XL: |  1  2  3 |
---------------+----------+-----
Polearms       | 2 |  2.7
Fighting       | |  3.5
Armour         | |  2.8
Dodging        | |  0.6
Stealth        | |  0.1
Shields        | |  2.8

Action                   |  1- 3 |  4- 6 || total
-------------------------+-------+-------++-------
Melee: Trident           |   176 |    17 ||   193
Invok: Renounce Religion |     1 |       ||     1
  Use: Scroll            |     2 |       ||     2
Armor: Ring mail         |    24 |       ||    24
       Scale mail        |    64 |    16 ||    80
Dodge: Dodged            |    56 |    11 ||    67
Block: Kite shield       |   100 |    16 ||   116
